 Dungeon Crawl Stone Soup version 0.23.0-3-gf3c87f2 (webtiles) character file.

Game seed: 6501856770776480564

107 Jaiteiro the Skirmisher (level 4, -4/38 HPs)
             Began as a Centaur Fighter on Feb 24, 2019.
             Slain by Sigmund
             ... wielding a +0 scythe
              (5 damage)
             ... on level 3 of the Dungeon.
             The game lasted 00:07:53 (2276 turns).

Jaiteiro the Skirmisher (Centaur Fighter)           Turns: 2276, Time: 00:07:55

Health: -4/38      AC:  7    Str: 18    XL:     4   Next: 56%
Magic:  4/4        EV:  5    Int:  7    God:
Gold:   112        SH:  0    Dex: 10    Spells: 3/3 levels left

rFire    . . .     SeeInvis .   a - +0 flail
rCold    . . .     Gourm    .   c - +0 shield
rNeg     . . .     Faith    .   b - +0 scale mail
rPois    .         Spirit   .   (no helmet)
rElec    .         Reflect  .   r - +0 cloak (curse)
rCorr    .         Harm     .   (no gloves)
MR       .....                  (no barding)
Stlth    ..........             (no amulet)
HPRegen  0.12/turn              o - ring of wizardry
MPRegen  0.09/turn              (no ring)

@: confused, very quick
A: large, hooves 3, deformed body, speed 2, tough skin 3
a: no special abilities


You were on level 3 of the Dungeon.
You were not hungry.

You visited 1 branch of the dungeon, and saw 3 of its levels.

You collected 112 gold pieces.

Inventory:

Hand Weapons
 a - a +0 flail (weapon)
Missiles
 l - 40 stones (quivered)
 B - 14 arrows
Armour
 b - a +0 scale mail (worn)
 c - a +0 shield (worn)
 r - a cursed +0 cloak (worn)
Jewellery
 o - a ring of wizardry (left hand)
 z - an uncursed ring of fire
Scrolls
 h - 4 scrolls of immolation {unknown}
 i - a scroll of remove curse {unknown}
 k - 2 scrolls of fear {unknown}
 p - 2 scrolls of magic mapping {unknown}
 q - a scroll of random uselessness {unknown}
 t - a scroll of amnesia {unknown}
 u - 2 scrolls of teleportation {unknown}
 v - 2 scrolls of fog {unknown}
 w - 3 scrolls of identify {unknown}
 x - a scroll of blinking {unknown}
Potions
 d - a potion of might
 e - 2 potions of resistance {unknown}
 g - 2 potions of degeneration {unknown}
 j - 2 potions of heal wounds {unknown}
 m - a potion of cancellation {unknown}
 n - 3 potions of curing {unknown}
 A - a potion of agility {unknown}
Comestibles
 f - 4 rations
 s - 3 chunks of flesh


   Skills:
 + Level 3.3 Fighting
 * Level 3.1 Maces & Flails
 - Level 2.1 Armour
 * Level 0.7 Stealth
 * Level 2.9 Shields


You had 3 spell levels left.
You didn't know any spells.
Your spell library was empty.

Dungeon Overview and Level Annotations

Branches:
Dungeon (3/15)

Altars:
Ru
The Shining One

Annotations:
D:3 Sigmund


Innate Abilities, Weirdness & Mutations

You have hooves in place of feet.
Armour fits poorly on your strangely shaped body.
You cover ground very quickly.
You have extremely tough skin. (AC +3)


Message History

The magic dart hits you!
You miss something.
You hear some strange, mumbled words.
You are confused.
Something hits you but does no damage.
You bump into the rock wall.
You bump into the rock wall.
Something hits you!
You bump into the rock wall.
Something hits you!
* * * LOW HITPOINT WARNING * * *
You bump into the rock wall.
Something hits you!
* * * LOW HITPOINT WARNING * * *
You see here a ring of wizardry.
You bump into the rock wall.
You feel less confused.
You hear some strange, mumbled words.
You are confused.
You're too confused to move!
You bump into the rock wall.
Something hits you.
You die...

#.# #.# ##.###
#.#..###.#.##### #.# #.#
#.# #.#..# #........ #.#
#.# #.######.#..#
#...##### #.#
#.####......#.#..# #...#
#.###......####.#.#..#
#...#####
#...............#@#..#
#........
#.###......##.#.#.#..#
######### #.#
#......##.#.#.#..# ##.#
#......##.#@#.#..# ##.#
#......##.#.#.#..# ##.#
#......##.#.#.#..### .#.#
#......##.#.........
.#.###......##.#.#.#####.
.#.#...#######.#.#...
.#.#.### ####### ...#.#
#..#.#


There were no monsters in sight!

Vanquished Creatures
  4 adders (D:2)
  An ooze (D:2)
  2 worms (D:2)
  2 dart slugs
  A leopard gecko (D:2)
  An orc (D:3)
  2 ball pythons
  11 giant cockroaches
  5 goblins
  5 hobgoblins
  2 jackals (D:1)
  2 quokkas
  6 bats
  2 frilled lizards
  3 kobolds
  6 rats
55 creatures vanquished.

Notes
Turn   | Place    | Note
-------+----------+-------------------------------------------
     0 | D:1      | Jaiteiro the Centaur Fighter began the quest for the Orb.
     0 | D:1      | Reached XP level 1. HP: 19/19 MP: 1/1
   132 | D:1      | Reached XP level 2. HP: 19/26 MP: 2/2
   861 | D:2      | Reached XP level 3. HP: 24/31 MP: 3/3
  1252 | D:2      | Reached XP level 4. HP: 35/38 MP: 4/4
  1605 | D:2      | Found a sacrificial altar of Ru.
  1606 | D:2      | Found a glowing golden altar of the Shining One.
  2060 | D:3      | Found a faded altar of an unknown god.
  2250 | D:3      | Noticed Sigmund
  2272 | D:3      | HP: 1/38 [something (8)]
  2276 | D:3      | Slain by Sigmund

Skill      XL: |  1  2  3  4 |
---------------+-------------+-----
Maces & Flails | 2 3 |  3.1
Fighting       | |  3.3
Armour         | |  2.1
Stealth        | |  0.7
Shields        | |  2.9

Action                   |  1- 3 |  4- 6 || total
-------------------------+-------+-------++-------
Melee: Flail             |   118 |    65 ||   183
       Kick              |    11 |    16 ||    27
  Eat: Chunk             |     1 |     2 ||     3
Armor: Scale mail        |    82 |    29 ||   111
Dodge: Dodged            |    29 |    12 ||    41
Block: Shield            |    67 |    26 ||    93
